 Dungeon Crawl Stone Soup version 0.16-a0-3736-g4b94454 (webtiles) character file.

47 kroki the Chopper (level 3, -1/29 HPs)
             Began as a Ghoul Gladiator on Jan 22, 2015.
             Slain by Crazy Yiuf
             ... wielding a +3 quarterstaff of chaos
              (4 damage)
             ... on level 2 of the Dungeon.
             The game lasted 00:02:02 (1155 turns).

kroki the Chopper (Ghoul Gladiator)                 Turns: 1155, Time: 00:02:02

Health: -1/29      AC:  7    Str: 18    XL:     3   Next: 70%
Magic:  3/3        EV: 15    Int:  3    God:
Gold:   96         SH:  0    Dex: 15    Spells: 0 memorised, 2 levels left

rFire  . . .     SeeInvis .     a - +0 war axe
rCold  + + .     Clarity  .     i - +0 scale mail
rNeg   + + +     SustAb   .     (no shield)
rPois  ∞         Gourm    .     c - +0 helmet
rElec  .         Spirit   .     (no cloak)
rCorr  .         Warding  .     (no gloves)
rMut   .         Stasis   .     (no boots)
MR     .....                    (no amulet)
Stlth  ..........               (no ring)
                                g - ring of protection from cold (curse)

@: confused, agile, rotting, not resistant to hostile enchantments, extremely
unstealthy
A: rotting body, claws 1, carnivore 3, cold resistance 1, negative energy
resistance 3, poison resistance, slow healing 1, torment resistance, unbreathing
a: no special abilities


You were on level 2 of the Dungeon.
You were not hungry.

You visited 1 branch of the dungeon, and saw 2 of its levels.

You collected 96 gold pieces.

Inventory:

Hand weapons
 a - a +0 war axe (weapon)
Missiles
 d - 2 throwing nets (quivered) {!f}
Armour
 b - a +0 leather armour
 c - a +0 helmet (worn)
 i - a +0 scale mail (worn)
   (You found it on level 1 of the Dungeon)
Jewellery
 g - a cursed ring of protection from cold (left claw)
   (You found it on level 1 of the Dungeon)
Scrolls
 m - a scroll of enchant weapon {unknown}
Comestibles
 f - a chunk of flesh
 h - a bread ration
 l - a meat ration


   Skills:
 - Level 2.1 Fighting
 + Level 4.1 Axes
 - Level 1.7 Throwing
 - Level 2.6 Dodging


You had 2 spell levels left.
You didn't know any spells.


Innate Abilities, Weirdness & Mutations

Your body is rotting away.
You thrive on raw meat.
You have sharp fingernails.
You are carnivorous and can eat meat at any time.
Your flesh is cold resistant.
You are immune to negative energy.
Your system is resistant to poisons.
You heal slowly when monsters are visible.
You are immune to unholy pain and torment.
You can survive without breathing.

Dungeon Overview and Level Annotations

Branches:
Dungeon (2/15)

Altars:

Annotations:
D:2 Crazy Yiuf

#.##..# #...#
##.#...... #.##.##
... #....####.
#.##>## #.#
#.#....##. #.....#
♣.♣♣ #....#.##.
##....# ♣♣g♣
####...... #....#
♣.♣♣ #.#.##. #....#
♣♣.♣ ###.#.##.
##...# ♣♣.♣♣
#.....##. ##.##
♣♣@g.♣ #.#.####.
#.## ♣....♣
#.#.####. #..#
#....# ####)#......
#..#
#....###.##.#######
#..####........##.#
#.................#
##.####.##.....####
#.####.##.....#
#......########


You could see Crazy Yiuf.


Message History

You are more confused.
Crazy Yiuf zaps a wand.
You are more confused.
You're too confused to move!
Crazy Yiuf sings, "Trees, trees, trees, circus!"
Crazy Yiuf barely misses you. Crazy Yiuf hits you but does no damage.
You suddenly lose the ability to move!
Crazy Yiuf hits you with a quarterstaff of chaos.
Crazy Yiuf grits, "Gnoll sing-song ragdoll!"
Crazy Yiuf zaps a wand.
You are more confused.
You can move again.
You take 5 damage.
Unknown command.
Unknown command.
Drink which item? (? for menu, Esc to quit)
It was a potion of agility.
You feel agile all of a sudden.
Crazy Yiuf hits you with a quarterstaff of chaos!
* * * LOW HITPOINT WARNING * * *
Crazy Yiuf freezes you.
* * * LOW HITPOINT WARNING * * *
You take 14 damage.
Unknown command.
You bump into the tree.
Crazy Yiuf says, "You verde canine!"
Crazy Yiuf hits you with a quarterstaff of chaos!
* * * LOW HITPOINT WARNING * * *
Crazy Yiuf burns you.
You die...

Notes
Turn   | Place    | Note
--------------------------------------------------------------
     0 | D:1      | kroki, the Ghoul Gladiator, began the quest for the Orb.
     0 | D:1      | Reached XP level 1. HP: 17/17 MP: 1/1
     9 | D:1      | Reached skill level 3 in Axes
   159 | D:1      | Reached XP level 2. HP: 21/24 MP: 2/2
   584 | D:1      | Reached XP level 3. HP: 29/29 MP: 3/3
  1061 | D:2      | Reached skill level 4 in Axes
  1122 | D:2      | Noticed Crazy Yiuf
  1151 | D:2      | Paralysed by Crazy Yiuf for 3 turns
  1155 | D:2      | Slain by Crazy Yiuf

Vanquished Creatures
  An adder (D:2)
  A worm (D:2)
  A ball python (D:1)
  A giant cockroach (D:1)
  5 goblins
  6 jackals (D:1)
  9 kobolds
  3 bats
  3 giant newts (D:1)
  3 rats (D:1)
  A fungus (D:2)
34 creatures vanquished.

Action                   || total
-------------------------++-------
Melee: War axe           ||   112
Throw: Throwing net      ||     4
  Use: Scroll            ||     4
       Potion            ||     3
  Eat: Chunk             ||     7

Vault maps used:
D:1:      dpeg_arrival_pond
D:2:      first_bread, minmay_gold_behind_fungi, dk_noncrumbling_4,
          minivault_23, uniq_crazy_yiuf_cottage
